AoeStats
← Dickpantz

Oasis

507850990Analyzed
4v4 RM · 13d ago on Sep 19, 2026· 40m 37s· 8 players
Game mode
Random Map
Map size
Large (8 player)
Population
200
Speed
Normal
Resources
Standard
Victory
Conquest
Starting age
Dark Age
Ending age
Imperial Age
RankedLock teamsTeams togetherTeam positionsShared explorationLock speedFull tech treeHidden civsTurbo modeCheats
Victory
Defeat
🇦🇷 Britons · Argentina
1322
+10
🇨🇴 Khitans · Colombia
1294
+12
🇨🇴 Franks · Colombia
826
+28
🇨🇦 Huns · Canada
701
+58
🇺🇸 Mongols · United States
1163
-21
1144
-20
🇨🇴 Teutons · Colombia
1141
-20
🇺🇸 Khmer · United States
1134
-19
Dickpantz
11:44 Feudal Age
14:30 Castle Age
13:11 Gold Mining
13:07 Double-Bit Axe
13:13 Horse Collar
15:11 Bloodlines
18:22 Loom
21:17 Bloodlines
27:00 Town Watch
28:23 Ballistics
35:35 Wheelbarrow
38:42 Husbandry
Mata Ovejas
3:25 Loom
11:40 Feudal Age
16:20 Castle Age
17:06 Forging
17:02 Scale Barding Armor
23:10 Bloodlines
25:06 Chain Barding Armor
29:51 Pikeman
30:17 Gambesons
30:32 Squires
32:45 Wheelbarrow
31:56 Town Watch
32:30 Arson
36:48 Iron Casting
36:14 Scale Mail Armor
38:49 Chain Mail Armor
42:57 Imperial Age
Madness_longbow
3:41 Loom
12:25 Feudal Age
14:05 Fletching
15:46 Horse Collar
15:54 Double-Bit Axe
20:33 Castle Age
19:50 Padded Archer Armor
21:43 Wheelbarrow
23:45 Bow Saw
26:48 Bodkin Arrow
30:18 Thumb Ring
32:22 Leather Archer Armor
33:19 Hand Cart
33:35 Scale Barding Armor
34:12 Gold Mining
37:46 Imperial Age
36:42 Gold Shaft Mining
35:58 Stone Mining
36:29 Elite Skirmisher
37:50 Elite Mangudai
38:51 Conscription
37:57 Elite Mangudai
39:40 Bracer
40:05 Bloodlines
39:56 Husbandry
39:17 Light Cavalry
rodolfo casas noten¨o
4:09 Loom
13:11 Feudal Age
36:26 Fletching
LRNI_Ghost-Jhon
6:53 Loom
9:40 Feudal Age
11:12 Double-Bit Axe
12:33 Domestication
16:43 Forging
18:26 Wheelbarrow
21:30 Castle Age
19:49 Gold Mining
21:36 Light Cavalry
22:54 Iron Casting
22:26 Scale Barding Armor
26:55 Husbandry
32:05 Pastoralism
32:52 Stone Mining
33:38 Hand Cart
34:49 Bow Saw
40:27 Imperial Age
37:46 Town Watch
TVHG.llavero maldito
6:52 Loom
9:14 Feudal Age
11:05 Double-Bit Axe
13:36 Fletching
21:54 Castle Age
20:28 Padded Archer Armor
21:16 Gold Mining
21:57 Crossbowman
22:50 Bodkin Arrow
28:37 Ballistics
31:46 Bow Saw
34:54 Imperial Age
34:33 Gold Shaft Mining
34:56 Arbalester
35:44 Bracer
35:15 Capped Ram
35:50 Horse Collar
40:19 Chemistry
LRNI_LioonN
0:29 Loom
11:20 Feudal Age
13:14 Double-Bit Axe
14:19 Wheelbarrow
16:14 Horse Collar
17:28 Town Watch
18:20 Scale Barding Armor
20:37 Arson
22:08 Gold Mining
22:23 Fletching
23:12 Forging
33:38 Stone Mining
35:51 Castle Age
36:27 Crossbowman
37:12 Thumb Ring
38:11 Bodkin Arrow
LRIN_kinhonor83
5:11 Loom
12:23 Feudal Age
13:12 Double-Bit Axe
16:46 Forging
16:42 Scale Barding Armor
25:07 Castle Age
26:06 Bow Saw
26:40 Iron Casting
26:05 Scale Mail Armor
26:29 Chain Barding Armor
27:42 Wheelbarrow
28:47 Husbandry
29:26 Gold Mining
34:23 Gold Shaft Mining
39:44 Imperial Age
39:58 Cavalier
Connection lost

Rejoining the realm…

Still unreachable

The connection could not be restored.

Session expired

The server has moved on; the page needs a fresh start.